 Dungeon Crawl Stone Soup version 0.31.0-11-ge490571c62 (webtiles) character file.

Game seed: 16147628410801540404

582 stipulation the Purveyor of Pain (level 7, -1/32 HPs)
             Began as a Vine Stalker Necromancer on Feb 1, 2024.
             Was an Initiate of Kikubaaqudgha.
             Slain by a sky beast (5 damage)
             ... on level 6 of the Dungeon.
             The game lasted 00:09:08 (5502 turns).

stipulation the Purveyor of Pain (VSNe)             Turns: 5502, Time: 00:09:09

Health: -1/32      AC:  3    Str: 11    XL:     7   Next: 36%
Magic:  0/16       EV: 12    Int: 17    God:    Kikubaaqudgha [......]
Gold:   272        SH:  0    Dex: 20    Spells: 4/17 levels left

rFire   . . .        A - +4 dagger
rCold   . . .        (no shield)
rNeg    + . .        a - +0 robe
rPois   .            (no helmet)
rElec   .            (no cloak)
rCorr   .            n - +0 pair of gloves
SInv    .            (no boots)
Will    .....        (no amulet)
Stlth   ++           l - ring of positive energy
HPRegen 1.05/turn    q - +6 ring of dexterity
MPRegen 0.15/turn

%: guardian spirit
@: no status effects
A: fangs 2, regeneration 1, magic shield, antimagic bite, no potion heal 2
a: Renounce Religion


You were on level 6 of the Dungeon.
You worshipped Kikubaaqudgha.
Kikubaaqudgha was noncommittal.
You visited 2 branches of the dungeon, and saw 7 of its levels.

You collected 272 gold pieces.

Inventory:

Hand Weapons
 f - a +0 short sword
 x - a +1 vampiric dagger
 A - a +4 dagger (weapon)
Missiles
 s - a throwing net
Armour
 a - a +0 robe (worn)
 n - a +0 pair of gloves (worn)
Jewellery
 l - a ring of positive energy (left hand)
 q - a +6 ring of dexterity (right hand)
 v - a ring of magical power
Scrolls
 d - 2 scrolls of teleportation
 j - 2 scrolls of enchant weapon
 k - a scroll of poison
 o - a scroll of amnesia
 p - 3 scrolls of revelation
 r - a scroll of brand weapon
 u - a scroll of fog {unknown}
 y - 2 scrolls of identify
 z - a scroll of enchant armour {unknown}
Potions
 b - a potion of magic
 c - a potion of cancellation
 e - a potion of experience {unknown}
 g - a potion of resistance {unknown}
 h - a potion of heal wounds {unknown}
 i - a potion of lignification
 m - 4 potions of enlightenment {unknown}
 t - a potion of attraction
 w - a potion of haste {unknown}


   Skills:
 - Level 1.5 Dodging
 - Level 2.4 Stealth
 + Level 5.8 Spellcasting
 + Level 6.7 Necromancy


You had 4 spell levels left.
You knew the following spells:

 Your Spells              Type           Power      Damage    Failure   Level
a - Necrotise             Necr           100%       1d9       1%          1
b - Vampiric Draining     Necr           28%        2d8       2%          3
c - Curse of Agony        Necr           28%        N/A       22%         5
d - Animate Dead          Necr           28%        N/A       9%          4

Your spell library contained the following spells:

 Spells                   Type           Power      Damage    Failure   Level


Dungeon Overview and Level Annotations

Branches:
Dungeon (6/15)             Temple (1/1) D:4

Altars:
Cheibriados
Dithmenos
Elyvilon
Fedhas
Hepliaklqana
Kikubaaqudgha
Makhleb
Qazlal
Ru
Sif Muna
Vehumet
Wu Jian
Yredelemnul
The Shining One

Annotations:
D:4 3 runed translucent doors, Curundu's ghost, amateur MiBe; TheBioAlchemist's ghost, amateur FoFi


Innate Abilities, Weirdness & Mutations

You have extremely sharp teeth.
Your natural rate of healing is unusually fast.
When hurt, damage is shared between your health and your magic reserves.
Your bite disrupts and absorbs the magic of your enemies.
Potions cannot restore your health.


Message History

No target in view!
No target in view!
There is a strange disturbance nearby!
You closely miss something. Something completely misses you.
You miss something. Your bite misses something.
Something hits you but does no damage.
You hit something. Your bite misses something. Something hits you.
Something shocks you.
You closely miss something. Something hits you. Something shocks you.
You hit something. Your bite misses something.
A sky beast appears from thin air!
Reactivating autopickup.
The sky beast hits you but does no damage.
You hit the sky beast.
The sky beast is almost dead.
The sky beast hits you. The sky beast shocks you.
You barely miss the sky beast.
The sky beast is almost dead.
The sky beast flickers out of sight!
Deactivating autopickup; reactivate with Ctrl-A.
Something hits you. Something shocks you.
You closely miss something. Your bite misses something. Something hits you.
Something shocks you.
You closely miss something. Your bite misses something. Something hits you.
Something shocks you.
* * * LOW HITPOINT WARNING * * *
You closely miss something. Your bite misses something.
Something hits you but does no damage.
You barely miss something. You bite something. Something hits you.
* * * LOW HITPOINT WARNING * * *
Something shocks you.
* * * LOW HITPOINT WARNING * * *
You closely miss something. Your bite misses something.
Something hits you but does no damage.
You hit something but do no damage. Your bite misses something.
Something hits you.
* * * LOW HITPOINT WARNING * * *
Something shocks you.
You die...
Kikubaaqudgha rasps: "You have failed me!
Welcome... death!"

#.##.# #.#.#
#.##.# #.#.#
#.##.# #.#.#
#.##.#.###.#.#
#.##.#.......#
#.##.#####.###
#..........##
####.####.#.##
#.# #.###@#
#.# #.
#){....# #.#
#....###.##
#.# #.### ..
.#.... ## #
###.


There were no monsters in sight!

Vanquished Creatures
  A phantom (D:4)
  A scorpion (D:3)
  3 bombardier beetles
  2 jellies
  3 orc wizards
  A sleepcap (D:5)
  4 adders
  A white imp (D:6)
  2 ufetubi (D:4)
  3 dart slugs
  3 ribbon worms
  14 orcs
  11 ball pythons
  5 endoplasms
  4 giant cockroaches
  5 goblins
  4 hobgoblins
  8 jackals
  9 kobolds
  4 quokkas
  9 bats
  5 frilled lizards
  5 rats
107 creatures vanquished.

Vanquished Creatures (collateral kills)
  2 orcs
  A jackal (D:3)
  A kobold (D:3)
  A frilled lizard (D:3)
5 creatures vanquished.

Grand Total: 112 creatures vanquished

Notes
Turn   | Place    | Note
-------+----------+-------------------------------------------
     0 | D:1      | stipulation the Vine Stalker Necromancer began the quest
                  | for the Orb.
     0 | D:1      | Reached XP level 1. HP: 9/9 MP: 4/4
   237 | D:1      | Reached XP level 2. HP: 13/13 MP: 3/6
   966 | D:2      | Reached XP level 3. HP: 16/16 MP: 3/8
  1721 | D:2      | Reached XP level 4. HP: 21/21 MP: 7/10
  1797 | D:2      | Found a faded altar of an unknown god.
  2005 | D:3      | Reached skill level 5 in Necromancy
  2183 | D:3      | Reached XP level 5. HP: 24/24 MP: 11/11
  2305 | D:3      | Found a shadowy altar of Dithmenos.
  2570 | D:3      | Found a sacrificial altar of Ru.
  2700 | D:3      | Reached XP level 6. HP: 28/28 MP: 10/13
  3235 | D:4      | Found a white marble altar of Elyvilon.
  3318 | D:4      | Reached skill level 6 in Necromancy
  3400 | D:4      | Reached skill level 5 in Spellcasting
  3658 | D:4      | Found a runed translucent gate.
  3659 | D:4      | Found a runed translucent gate.
  3659 | D:4      | Found a runed translucent gate.
  3661 | D:4      | Noticed TheBioAlchemist's ghost (amateur FoFi)
  3661 | D:4      | Noticed Curundu's ghost (amateur MiBe)
  3716 | D:4      | Found a hazy altar of Hepliaklqana.
  3848 | D:4      | Found a staircase to the Ecumenical Temple.
  3942 | D:5      | Entered Level 5 of the Dungeon
  3967 | D:4      | Reached XP level 7. HP: 32/32 MP: 16/16
  4334 | D:4      | Learned a level 3 spell: Vampiric Draining
  4340 | D:4      | Learned a level 5 spell: Curse of Agony
  4345 | D:4      | Learned a level 4 spell: Animate Dead
  4835 | D:5      | Found a glowing golden altar of the Shining One.
  5234 | Temple   | Entered the Ecumenical Temple
  5248 | Temple   | Became a worshipper of Kikubaaqudgha
  5502 | D:6      | Slain by a sky beast

Illustrated notes

Levels and vault maps discovered:
D:1:      eino_arrival_water_star, layout_loops_ring, corexii_corridor_pit
D:2:      layout_loops_ring, hellmonk_ecumenical_altar_inner_sanctum
D:3:      minmay_diamond_boxcup, layout_basic, mainiacjoe_overflow_paths,
          nicolae_ru_great_annihilating_truth
D:4:      layout_loops_ring, worldfamousw_hep_ancestral_shrine,
          elyvilon_altar_3, minmay_temple_entry_poolview,
          gammafunk_ghost_cemetery
D:5:      layout_gridville, nicolae_tso_carved_into_rock
D:6:      layout_loops_ring, gammafunk_ghost_grave
Temple:   grunt_temple_mini_profane

Skill      XL: |  1  2  3  4  5  6 |
---------------+-------------------+-----
Spellcasting   | 3 4 5 |  5.8
Necromancy     | 5 6 |  6.7
Dodging        | |  1.5
Stealth        | |  2.4

Action                     |  1- 3 |  4- 6 |  7- 9 || total
---------------------------+-------+-------+-------++-------
  Melee: Short sword       |    43 |   175 |    28 ||   246
         Bite              |    11 |    70 |     9 ||    90
         Unarmed           |     2 |       |       ||     2
         Dagger            |       |       |    15 ||    15
   Cast: Necrotise         |    47 |    39 |    34 ||   120
    Use: Scroll            |       |     9 |       ||     9
         Potion            |       |       |     1 ||     1
   Stab: Sleeping          |     4 |     7 |     2 ||    13
 Armour: Robe              |    25 |   112 |    60 ||   197
         Skin              |       |       |    37 ||    37
  Dodge: Dodged            |    34 |   113 |    63 ||   210
